 Dungeon Crawl Stone Soup version 0.29.1-15-g9cfb28693d (webtiles) character file.

Game seed: 690612685765147506

95 mikeweasel the Stinger (level 4, -2/40 HPs)
             Began as an Ogre Venom Mage on Feb 24, 2023.
             Slain by Crazy Yiuf
             ... wielding a +3 quarterstaff of chaos
              (14 damage)
             ... on level 3 of the Dungeon.
             The game lasted 00:20:02 (3623 turns).

mikeweasel the Stinger (Ogre Venom Mage)            Turns: 3623, Time: 00:20:02

Health: -2/40      AC:  4    Str: 12    XL:     4   Next: 65%
Magic:  3/9        EV: 10    Int: 18    God:
Gold:   119        SH:  0    Dex:  9    Spells: 1/9 levels left

rFire   . . .      SeeInvis .   h - +0 short sword (venom)
rCold   + . .      Faith    .   (no shield)
rNeg    . . .      Spirit   .   a - +0 robe
rPois   .          Reflect  .   (helmet restricted)
rElec   .          Harm     .   m - +0 cloak
rCorr   .          Rampage  .   (gloves unavailable)
Will    .....                   (boots unavailable)
Stlth   +.........              (no amulet)
HPRegen 0.13/turn               f - ring of protection from cold
MPRegen 0.11/turn               (no ring)

@: very slightly contaminated
A: large, unfitting armour, tough skin 1
a: no special abilities


You were on level 3 of the Dungeon.
You visited 1 branch of the dungeon, and saw 3 of its levels.

You collected 119 gold pieces.

Inventory:

Hand Weapons
 h - a +0 short sword of venom (weapon)
Missiles
 d - a throwing net
 e - 3 poisoned darts (quivered)
Armour
 a - a +0 robe (worn)
 m - a +0 cloak (worn)
Jewellery
 f - a ring of protection from cold (left hand)
Wands
 k - a wand of flame (21)
Scrolls
 i - 4 scrolls of teleportation
 j - a scroll of fear {unknown}
Potions
 b - a potion of magic
 c - 2 potions of might
 g - a potion of heal wounds
 l - 2 potions of attraction {unknown}


   Skills:
 + Level 0.8 Fighting
 + Level 1.3 Throwing
 + Level 2.0 Dodging
 + Level 1.4 Stealth
 + Level 0.2 Unarmed Combat
 + Level 3.3 Spellcasting
 + Level 1.4 Transmutations
 + Level 0.2 Air Magic
 + Level 3.3 Poison Magic


You had one spell level left.
You knew the following spells:

 Your Spells              Type           Power      Damage    Failure   Level
a - Sting                 Tmut/Pois      44%        1d5       6%          1
b - Poisonous Vapours     Pois/Air       18%        N/A       12%         2
c - Mephitic Cloud        Conj/Pois/Air  7%         N/A       28%         3
d - Call Imp              Summ           3%         N/A       24%         2

Your spell library contained the following spells:

 Spells                   Type           Power      Damage    Failure   Level
 Magic Dart               Conj           12%        1d3       16%         1
 Slow                     Hex            12%        N/A       16%         1
 Passwall                 Tmut/Erth      4%         N/A       19%         2
 Static Discharge         Conj/Air       3%         3-4/arc   22%         2
 Ensorcelled Hibernation  Hex/Ice        6%         N/A       24%         2
 Olgreb's Toxic Radiance  Pois           15%        N/A       36%         4
 Swiftness                Air            3%         N/A       41%         3
 Confusing Touch          Hex            3%         N/A       43%         3
 Ozocubu's Armour         Ice            3%         N/A       43%         3
 Vampiric Draining        Necr           3%         2d6       43%         3
 Dispel Undead            Necr           3%         3d7       83%         4
 Sticky Flame             Conj/Fire      3%         2d3       83%         4
 Ozocubu's Refrigeration  Ice            1%         4d7       100%        7


Dungeon Overview and Level Annotations

Branches:
Dungeon (3/15)

Altars:
Fedhas

Annotations:
D:3 Crazy Yiuf


Innate Abilities, Weirdness & Mutations

You are too large for most types of armour.
You have tough skin. (AC +1)


Message History

You miscast Mephitic Cloud.
You are very lightly contaminated with residual magic.
You feel odd.
You are poisoned.
You feel sick.
Casting: Mephitic Cloud (quite dangerous; 28% risk of failure)
Confirm with . or Enter, or press ? or * to list all spells.
Aiming: Sting (safe; 6% risk of failure)
Press: ? - help, Shift-Dir - straight line, f/p - Crazy Yiuf
Aim: Crazy Yiuf, wielding a +3 quarterstaff of chaos and wearing a +0 cloak (black smoke, 75% to hit)
The sting hits Crazy Yiuf.
Crazy Yiuf is poisoned.
Crazy Yiuf is moderately wounded.
You feel sick. Crazy Yiuf closely misses you.
Casting: Sting (safe; 6% risk of failure)
Confirm with . or Enter, or press ? or * to list all spells.
Aiming: Sting (safe; 6% risk of failure)
Press: ? - help, Shift-Dir - straight line, f/p - Crazy Yiuf
Aim: Crazy Yiuf, wielding a +3 quarterstaff of chaos and wearing a +0 cloak (moderately wounded, poisoned, 75% to hit)
The sting hits Crazy Yiuf but does no damage.
Crazy Yiuf looks even sicker.
Crazy Yiuf is moderately wounded.
You feel sick.
Crazy Yiuf hits you with a +3 quarterstaff of chaos!
You feel much better.
You feel sick.
You are no longer poisoned.
Crazy Yiuf hits you with a +3 quarterstaff of chaos!
Crazy Yiuf freezes you.
You hit Crazy Yiuf but do no damage.
Crazy Yiuf looks as sick as possible!
Crazy Yiuf is moderately wounded.
Crazy Yiuf barely misses you.
You barely miss Crazy Yiuf.
Crazy Yiuf is severely wounded.
Crazy Yiuf hits you with a +3 quarterstaff of chaos!
* * * LOW HITPOINT WARNING * * *
Crazy Yiuf draws strength from your wounds!
You hit Crazy Yiuf.
Crazy Yiuf looks as sick as possible!
Crazy Yiuf is heavily wounded.
Crazy Yiuf screams, "Nubble disdain dark!"
Crazy Yiuf hits you with a +3 quarterstaff of chaos!
You die...

.# #...### #.#
.# #...# #.# .#
#...# ##### #.#
## #...# #)..#
#.# ###.# #...#
#.# #.# ... #.#
#.# #'# #.#
######.# #g##
#.# #......#
##@# #.#
#......# #.##
#.# #......#
##.# #.#
#......# ##.##
#.# #......#
#PP.# #.#
######.# ##PP.#
#.# ###### ###
#....# #.#
.....##
######..#####.#
......#
#.............#


You could see Crazy Yiuf (extremely poisoned).

Vanquished Creatures
  Terence (D:3)
  2 adders (D:2)
  A dart slug (D:3)
  4 bats (D:1)
  3 giant cockroaches (D:1)
  6 goblins
  8 hobgoblins
  3 jackals (D:1)
  6 kobolds (D:1)
  3 quokkas
  2 ball pythons (D:1)
  4 frilled lizards
  3 rats (D:1)
46 creatures vanquished.

Vanquished Creatures (collateral kills)
  A giant cockroach (D:3)
  A ball python (D:3)
  A bat (D:3)
3 creatures vanquished.

Vanquished Creatures (others)
  A fungus (D:3)
1 creature vanquished.

Grand Total: 50 creatures vanquished

Notes
Turn   | Place    | Note
-------+----------+-------------------------------------------
     0 | D:1      | mikeweasel the Ogre Venom Mage began the quest for the Orb.
     0 | D:1      | Reached XP level 1. HP: 16/16 MP: 3/3
    45 | D:1      | Reached skill level 1 in Transmutations
   158 | D:1      | Reached XP level 2. HP: 24/24 MP: 0/5
   568 | D:1      | Learned a level 2 spell: Poisonous Vapours
   761 | D:1      | Reached XP level 3. HP: 31/32 MP: 4/7
   821 | D:1      | Learned a level 3 spell: Mephitic Cloud
  1987 | D:2      | Reached XP level 4. HP: 26/40 MP: 6/8
  2239 | D:2      | Learned a level 2 spell: Call Imp
  2424 | D:2      | Found a faded altar of an unknown god.
  2966 | D:3      | Found a blossoming altar of Fedhas.
  3162 | D:3      | Noticed Terence
  3177 | D:3      | Killed Terence
  3178 | D:3      | Reached skill level 1 in Throwing
  3610 | D:3      | Found a runed translucent door.
  3611 | D:3      | Noticed Crazy Yiuf
  3623 | D:3      | Slain by Crazy Yiuf

Illustrated notes

Levels and vault maps discovered:
D:1:      psy_arrival_statuary, layout_loops_ring
D:2:      layout_basic, shapermc_ecumenical_altar_hornbeckon
D:3:      layout_basic, mainiacjoe_overflow_alcove_1, serial_park_tiny_2,
          uniq_crazy_yiuf_cottage, uniq_terence, uniq_grinder

Skill      XL: |  1  2  3  4 |
---------------+-------------+-----
Transmutations | 1 |  1.4
Poison Magic   | 3 |  3.3
Spellcasting   | 3 |  3.3
Dodging        | 2 |  2.0
Throwing       | 1 |  1.3
Fighting       | |  0.8
Stealth        | |  1.4
Unarmed Combat | |  0.2
Air Magic      | |  0.2

Action                   |  1- 3 |  4- 6 || total
-------------------------+-------+-------++-------
Melee: Unarmed           |    79 |       ||    79
       Short sword       |    18 |    20 ||    38
Throw: Dart              |    16 |     1 ||    17
 Cast: Sting             |    47 |     9 ||    56
       Poisonous Vapours |     1 |     5 ||     6
       Mephitic Cloud    |     1 |     1 ||     2
       Call Imp          |       |     3 ||     3
  Use: Scroll            |     3 |     4 ||     7
       Potion            |       |     1 ||     1
 Stab: Sleeping          |       |     1 ||     1
Armor: Robe              |    45 |     4 ||    49
Dodge: Dodged            |    37 |    13 ||    50
